 Dungeon Crawl Stone Soup version 0.27.1-3-gb3d3a73c9e (webtiles) character file.

Game seed: 11741148863362783575

3575 aloishallab the Cleaver (level 9, -6/70 HPs)
             Began as a Black Draconian Berserker on Oct 16, 2021.
             Was a Priest of Trog.
             Mangled by larifari's ghost (12 damage)
             ... on level 7 of the Dungeon.
             The game lasted 00:25:19 (7937 turns).

aloishallab the Cleaver (Black Draconian Berserker) Turns: 7937, Time: 00:25:20

Health: -6/70      AC: 12    Str: 23    XL:     9   Next: 84%
Magic:  9/9        EV: 15    Int:  7    God:    Trog [***...]
Gold:   266        SH:  0    Dex: 13    Spells: 8/8 levels left

rFire    . . .     SeeInvis .   p - +2 hand axe (vorpal)
rCold    + . .     Faith    .   (no shield)
rNeg     . . .     Spirit   .   (armour unavailable)
rPois    +         Reflect  .   (helmet restricted)
rElec    +         Harm     .   o - +0 cloak
rCorr    +         Rampage  .   x - +0 pair of gloves
Will     .....                  m - +2 pair of boots "Nutraty" {rPois Str+2}
Stlth    +.........             (no amulet)
HPRegen  0.21/turn              v - ring of protection from cold
MPRegen  0.11/turn              A - ring of resist corrosion

@: on berserk cooldown, slowed, very slow
A: breathe lightning, AC +7, unfitting armour, electricity resistance,
cold-blooded
a: Breathe Lightning, Renounce Religion, Berserk, Trog's Hand


You were on level 7 of the Dungeon.
You worshipped Trog.
Trog was most pleased with you.
You visited 2 branches of the dungeon, and saw 8 of its levels.

You collected 519 gold pieces.
You spent 253 gold pieces at shops.

Inventory:

Hand Weapons
 a - a +0 hand axe
 p - a +2 vorpal hand axe (weapon)
Missiles
 b - a curare-tipped dart
 n - 12 poisoned darts (quivered)
 y - 2 silver javelins
Armour
 m - the +2 pair of boots "Nutraty" (worn) {rPois Str+2}
   (You bought it in a shop on level 3 of the Dungeon)

   Str:       It affects your strength (+2).
   rPois:     It protects you from poison.
 o - a +0 cloak (worn)
 x - a +0 pair of gloves (worn)
Jewellery
 v - a ring of protection from cold (left hand)
 w - a ring of fire
 A - a ring of resist corrosion (right hand)
Wands
 c - a wand of iceblast (12)
 r - a wand of flame (37)
 z - a wand of polymorph (10)
Scrolls
 e - a scroll of magic mapping {unknown}
 f - 4 scrolls of teleportation
 i - a scroll of immolation
 j - a scroll of fear {unknown}
 q - a scroll of blinking {unknown}
 t - a scroll of fog {unknown}
 u - a scroll of vulnerability
Potions
 g - 3 potions of ambrosia
 h - a potion of brilliance
 k - 3 potions of might
 l - 2 potions of lignification
 s - a potion of curing {unknown}
 B - a potion of mutation {unknown}
 C - a potion of haste {unknown}


   Skills:
 - Level 3.2 Fighting
 * Level 10.5 Axes
 + Level 6.2 Throwing
 + Level 7.0 Dodging


You had 8 spell levels left.
You didn't know any spells.
Your spell library was empty.

Dungeon Overview and Level Annotations

Branches:
Dungeon (7/15)             Temple (1/1) D:4

Altars:
Ashenzari
Cheibriados
Dithmenos
Elyvilon
Fedhas
Gozag
Hepliaklqana
Kikubaaqudgha
Makhleb
Nemelex Xobeh
Okawaru
Qazlal
Sif Muna
Trog
Uskayaw
Vehumet
Wu Jian
Xom
Yredelemnul
Zin
The Shining One
Lugonu

Shops:
D:3 *   D:4 *

Annotations:
D:7 larifari's ghost, novice OpDe


Innate Abilities, Weirdness & Mutations

You can breathe wild blasts of lightning.
Your glossy black scales are hard. (AC +7)
You cannot fit into any form of body armour.
You are resistant to electric shocks. (rElec)
You are cold-blooded and may be slowed by cold attacks.


Message History

Your tail-slap misses Eitelfritz's ghost.
Eitelfritz's ghost is severely damaged.
Eitelfritz's ghost hits you!
You slash Eitelfritz's ghost!
Eitelfritz's ghost is almost destroyed.
Eitelfritz's ghost barely misses you.
Larifari's ghost laughs crazily.
You slash Eitelfritz's ghost! You tail-slap Eitelfritz's ghost.
You destroy Eitelfritz's ghost!
Trog accepts your kill.
You feel the effects of Trog's Hand fading.
Your Throwing skill increases to level 6!
Your Dodging skill increases to level 7!
Larifari's ghost hits you.
You closely miss larifari's ghost.
Your tail-slap misses larifari's ghost.
You closely miss larifari's ghost. Larifari's ghost hits you!
You slash larifari's ghost!
Larifari's ghost is lightly damaged.
You slash larifari's ghost!
Larifari's ghost is moderately damaged.
Larifari's ghost hits you.
You closely miss larifari's ghost.
Your tail-slap misses larifari's ghost.
Larifari's ghost is moderately damaged.
You are no longer berserk.
You are exhausted.
You feel yourself slow down.
You barely miss larifari's ghost.
You tail-slap larifari's ghost, but do no damage.
Larifari's ghost is moderately damaged.
Larifari's ghost hits you.
* * * LOW HITPOINT WARNING * * *
You hit larifari's ghost.
Larifari's ghost is moderately damaged.
Larifari's ghost hits you!
* * * LOW HITPOINT WARNING * * *
You hit larifari's ghost.
Larifari's ghost is heavily damaged.
Your skin stops crawling.
You feel less strong-willed. Larifari's ghost hits you!
You die...

....#.# #..'......#### ....#.#
#######+##...#..#
#####'#####............#..#
.......................#..####
.....[.......................#
..................##.........#
##...........#######.##......#
##.P.§§.....#######.##......#
# #...§§.P......@W......#'#+##
###.P.§§.P§....####'''####..#
##....._P.PP...#.........#..#
##.#...§§.P..###⌠.......⌠#..##
###....P.....# #.........#...#
# #..........# #)....?...##..#
# #....P.....# ##8.....8###..#
#
####.P.#########$.⌠..##....##
# ##......†...#######...#..#


You could see larifari's ghost.

Vanquished Creatures
  The ghost of Eitelfritz the Grappler, a novice TrMo of Makhleb (D:7)
  Menkaure (D:6)
  A black bear (D:7)
  An ice beast (D:7)
  An orc warrior (D:7)
  5 ogres
  4 sky beasts
  A necrophage (D:5)
  3 centaurs
  A phantom (D:5)
  Blork the orc (D:4)
  3 bullfrogs
  10 wights (D:7)
  A centaur zombie (D:4)
  A bullfrog zombie (D:6)
  5 hounds
  A bullfrog skeleton (D:5)
  A gnoll shaman (D:5)
  A jelly (D:5)
  3 iron imps (D:4)
  Jessica (D:2)
  Natasha (twice) (D:3)
  An iguana (D:7)
  3 orc wizards
  A hound skeleton (D:4)
  A howler monkey zombie (D:6)
  5 adders
  3 gnolls (D:5)
  2 white imps
  4 dart slugs
  18 orcs
  8 endoplasms
  3 giant cockroaches
  5 goblins
  6 hobgoblins
  A jackal (D:2)
  6 quokkas
  A ball python (D:4)
  8 bats
  4 frilled lizards
  4 kobolds
  3 rats
136 creatures vanquished.

Vanquished Creatures (others)
  An orc wizard (D:7)
  2 demonic plants (Temple)
  9 plants (D:7)
  6 withered plants (D:7)
18 creatures vanquished.

Grand Total: 154 creatures vanquished

Notes
Turn   | Place    | Note
-------+----------+-------------------------------------------
     0 | D:1      | aloishallab the Draconian Berserker began the quest for the
                  | Orb.
     0 | D:1      | Reached XP level 1. HP: 19/19 MP: 1/1
   232 | D:1      | Reached XP level 2. HP: 26/26 MP: 2/2
   491 | D:1      | Found a faded altar of an unknown god.
  1312 | D:2      | Reached XP level 3. HP: 14/31 MP: 3/3
  1568 | D:2      | Reached ** piety under Trog
  1720 | D:2      | Reached skill level 4 in Axes
  1844 | D:2      | Noticed Jessica
  1848 | D:2      | Killed Jessica
  1849 | D:2      | Reached skill level 1 in Throwing
  1849 | D:2      | Reached XP level 4. HP: 24/38 MP: 4/4
  2300 | D:3      | Noticed Natasha
  2308 | D:3      | Killed Natasha
  2606 | D:3      | Found Gunul's Assorted Antiques.
  2638 | D:3      | Bought a pair of spiked boots for 199 gold pieces
  2638 | D:3      | Identified the +2 pair of boots "Nutraty" {rPois Str+2}
                  | (You bought it in a shop on level 3 of the Dungeon)
  2769 | D:3      | Found an ancient bone altar of Kikubaaqudgha.
  2770 | D:3      | Found a sparkling altar of Nemelex Xobeh.
  2771 | D:3      | Found a shimmering altar of Xom.
  2772 | D:3      | Found a glowing golden altar of the Shining One.
  2973 | D:3      | Noticed Natasha
  2994 | D:3      | Killed Natasha
  2995 | D:3      | Reached XP level 5. HP: 5/45 MP: 5/5
  3329 | D:4      | Found Ysuwk's Neck Hole.
  3334 | D:4      | Bought a +0 cloak for 54 gold pieces
  3486 | D:4      | Reached skill level 5 in Axes
  3488 | D:4      | Found a white marble altar of Elyvilon.
  3571 | D:4      | Found an ornate altar of the Wu Jian Council.
  3603 | D:4      | Noticed an ogre
  3612 | D:4      | Killed an ogre
  3613 | D:4      | Reached XP level 6. HP: 51/51 MP: 6/6
  3665 | D:4      | Noticed Blork the orc
  3679 | D:4      | Killed Blork the orc
  3818 | D:4      | Found a burning altar of Makhleb.
  3843 | D:4      | Reached skill level 6 in Axes
  4004 | D:4      | Found a shadowy altar of Dithmenos.
  4048 | D:4      | Your scales start taking on a glossy black colour.
  4048 | D:4      | Reached XP level 7. HP: 37/57 MP: 7/7
  4048 | D:4      | Gained mutation: You are resistant to electric shocks.
                  | (rElec) [Black Draconian growth]
  4183 | D:4      | Found a staircase to the Ecumenical Temple.
  4192 | Temple   | Entered the Ecumenical Temple
  4290 | D:5      | Entered Level 5 of the Dungeon
  4771 | D:5      | Reached skill level 7 in Axes
  4987 | D:5      | Reached *** piety under Trog
  5040 | D:5      | Reached skill level 5 in Dodging
  5040 | D:5      | Reached XP level 8. HP: 63/63 MP: 8/8
  5792 | D:6      | Found a glowing silver altar of Zin.
  5903 | D:6      | Noticed Menkaure
  5906 | D:6      | Killed Menkaure
  5907 | D:6      | Reached skill level 8 in Axes
  6022 | D:6      | Found a shimmering blue altar of Sif Muna.
  6168 | D:6      | Found a snail-covered altar of Cheibriados.
  6479 | D:7      | Reached skill level 5 in Throwing
  6486 | D:7      | Reached skill level 9 in Axes
  6486 | D:7      | Reached XP level 9. HP: 25/70 MP: 9/9
  7151 | D:7      | Found a runed translucent gate.
  7158 | D:7      | Noticed Eitelfritz's ghost (novice TrMo)
  7158 | D:7      | Noticed larifari's ghost (novice OpDe)
  7159 | D:7      | Found a runed translucent gate.
  7159 | D:7      | Found a runed translucent gate.
  7395 | D:7      | Found a hazy altar of Hepliaklqana.
  7763 | D:7      | Reached skill level 10 in Axes
  7928 | D:7      | Killed Eitelfritz's ghost
  7937 | D:7      | Mangled by larifari's ghost

Illustrated notes

Levels and vault maps discovered:
D:1:      elethiomel_arrival_quiet, layout_loops_cross, basic_ecumenical_altar,
          st_stairs_3, grunt_decor_clamped
D:2:      layout_loops_ring, minmay_bisected, uniq_jessica
D:3:      layout_basic, mainiacjoe_overflow_alcove_3, serial_shops, shop_coins,
          minmay_strange_pillars, chequers_jeans, st_stairs_5, uniq_natasha
D:4:      layout_basic, kennysheep_little_box, nzn_wu_jian_council_hall,
          overflow_temple_1_default, demons_altar, minmay_temple_entry_poolview,
          nicolae_shop_sticking_my_neck_out, uniq_blork_the_orc
D:5:      layout_loops_cross, solitary_fountain, minmay_holes,
          minmay_misc_feat_secret_circle, eino_tiny_chamber
D:6:      minmay_angry_zag, layout_basic, lemuel_crystal_altar,
          lemuel_coloured_pillars_altar, general_overflow_altar, uniq_menkaure
D:7:      layout_basic, nicolae_hepliaklqana_hazy_memory,
          gammafunk_ghost_cemetery
Temple:   corrupted_temple

Skill      XL: |  1  2  3  4  5  6  7  8  9 |
---------------+----------------------------+-----
Dodging        | 3 4 5 6 7 |  7.0
Axes           | 4 5 6 7 9 10 | 10.5
Throwing       | 1 2 3 5 6 |  6.2
Fighting       | |  3.2

Action                   |  1- 3 |  4- 6 |  7- 9 || total
-------------------------+-------+-------+-------++-------
Melee: Hand axe          |    95 |   136 |   305 ||   536
       Tailslap          |     7 |    20 |    42 ||    69
Throw: Javelin           |     5 |     2 |     4 ||    11
       Dart              |     3 |     4 |    22 ||    29
Invok: Berserk           |       |     2 |     6 ||     8
       Trog's Hand       |       |     1 |     5 ||     6
  Use: Scroll            |       |       |     9 ||     9
 Stab: Sleeping          |     1 |     2 |     1 ||     4
Armor: Skin              |    42 |    46 |    95 ||   183
Dodge: Dodged            |    68 |    87 |   216 ||   371
